TOP OF THE 1ST |
State College Spikes batting - Pitching for Williamsport Crosscutters : RHP Vince DeFord
|
Pitching: RHP Vince DeFord
|
|
Batting: RHB Mario Mendoza
|
0-0: Ball 1-0: Called Strike 1-1: Ball 2-1: Called Strike 2-2: Strikes out swinging
|
Batting: RHB Tim Jobe
|
0-0: Called Strike 0-1: Called Strike 0-2: Ball 1-2: Foul Ball, location: 2F 1-2: Ball 2-2: Strikes out swinging
|
Batting: LHB Travis Ruppel
|
0-0: Ball 1-0: Swinging Strike 1-1: Swinging Strike 1-2: Ball 2-2: Foul Ball, location: 2F 2-2: Strikes out swinging
|
Top of the 1st over - 0 runs, 0 hits, 0 errors, 0 left on base; State College 0 - Williamsport 0 |
BOTTOM OF THE 1ST |
Williamsport Crosscutters batting - Pitching for State College Spikes : RHP Mario Machado
|
Pitching: RHP Mario Machado
|
|
Batting: LHB Brent Dutcher
|
0-0: Ground out U3 (Groundball, 34, EV 103.1 MPH)
|
Batting: RHB Robby Adair
|
0-0: Called Strike 0-1: Foul Ball, location: 2F 0-2: Ball 1-2: Strikes out swinging
|
Batting: RHB Tak-keung Chieu
|
0-0: Swinging Strike 0-1: Swinging Strike 0-2: Ball 1-2: Ball 2-2: Ground out 4-3 (Groundball, 4M, EV 101.2 MPH)
|
Bottom of the 1st over - 0 runs, 0 hits, 0 errors, 0 left on base; State College 0 - Williamsport 0 |
TOP OF THE 2ND |
State College Spikes batting - Pitching for Williamsport Crosscutters : RHP Vince DeFord
|
Batting: LHB Keith Rice
|
0-0: Hit by Pitch
|
Batting: RHB Robby Hickman
|
0-0: Called Strike 0-1: Ball 1-1: Foul Ball, location: 2F 1-2: Strikes out swinging
|
Batting: SHB Gerardo Macias
|
0-0: Ball 1-0: Ball 2-0: Ball 3-0: Called Strike 3-1: Fielders Choice at 2nd, 4-6 (Groundball, 34, EV 103.8 MPH)
|
Batting: RHB Ben Politi
|
0-0: Ball Gerardo Macias is caught stealing 2nd base 2-4
|
Top of the 2nd over - 0 runs, 0 hits, 0 errors, 0 left on base; State College 0 - Williamsport 0 |
BOTTOM OF THE 2ND |
Williamsport Crosscutters batting - Pitching for State College Spikes : RHP Mario Machado
|
Batting: LHB Matt Calitri
|
0-0: Ball 1-0: Ball 2-0: Ball 3-0: Called Strike 3-1: Foul Ball, location: 2F 3-2: Strikes out looking
|
Batting: RHB Bryan Alfaro
|
0-0: Called Strike 0-1: Hit by Pitch
|
Batting: RHB Phil Knox
|
0-0: Swinging Strike Bryan Alfaro steals 2nd base 0-1: Called Strike 0-2: Strikes out swinging
|
Batting: RHB Leon Edwards
|
0-0: Ball 1-0: Ball 2-0: SINGLE (Line Drive, 34D, EV 95.6 MPH) Bryan Alfaro to third Runner from 3rd tries for Home, SAFE, throw by RF to home Leon Edwards to second
|
Batting: RHB Jeremy Mercer
|
0-0: Ball 1-0: Called Strike 1-1: SINGLE (Groundball, 56, EV 106.9 MPH) (infield hit) Leon Edwards to third
|
Batting: RHB Marcus Carter
|
0-0: SINGLE (Groundball, 34D, EV 95.0 MPH) Leon Edwards scores Jeremy Mercer to second Runner from 2nd tries for 3rd, SAFE, throw by RF made to third Marcus Carter to second
|
Batting: LHB Brent Dutcher
|
0-0: Foul Ball, location: 2F 0-1: Ball 1-1: Ground out 3-1 (Groundball, 34, EV 83.1 MPH)
|
Bottom of the 2nd over - 2 runs, 3 hits, 0 errors, 2 left on base; State College 0 - Williamsport 2 |
TOP OF THE 3RD |
State College Spikes batting - Pitching for Williamsport Crosscutters : RHP Vince DeFord
|
Batting: RHB Ben Politi
|
0-0: Swinging Strike 0-1: Ball 1-1: TRIPLE (Flyball, 89XD, EV 95.0 MPH)
|
Batting: RHB Sean Tanner
|
0-0: Called Strike 0-1: Ball 1-1: Ball 2-1: SINGLE (Groundball, 6D, EV 94.4 MPH) Ben Politi scores
|
Batting: RHB Bernard Claude
|
0-0: Called Strike 0-1: Called Strike 0-2: Ball 1-2: Foul Ball, location: 2F 1-2: Foul Ball, location: 2F 1-2: Strikes out swinging
|
Batting: RHB Mario Mendoza
|
0-0: Called Strike 0-1: Ball 1-1: Ball 2-1: Ball 3-1: Base on Balls Sean Tanner to second
|
Batting: RHB Tim Jobe
|
0-0: Called Strike 0-1: Ball 1-1: Called Strike 1-2: Strikes out swinging
|
Batting: LHB Travis Ruppel
|
0-0: Ball 1-0: Ground out U3 (Groundball, 3L, EV 85.6 MPH)
|
Top of the 3rd over - 1 run, 2 hits, 0 errors, 2 left on base; State College 1 - Williamsport 2 |
BOTTOM OF THE 3RD |
Williamsport Crosscutters batting - Pitching for State College Spikes : RHP Mario Machado
|
Batting: RHB Robby Adair
|
0-0: Foul Ball, location: 2F 0-1: Ball 1-1: Ball 2-1: Foul Ball, location: 2F 2-2: Ground out U3 (Groundball, 34S, EV 91.9 MPH)
|
Batting: RHB Tak-keung Chieu
|
0-0: Ball 1-0: Foul Ball, location: 2F 1-1: SINGLE (Groundball, 6MD, EV 98.1 MPH)
|
Batting: LHB Matt Calitri
|
0-0: Ball Passed Ball! Tak-keung Chieu to second 1-0: Foul Ball, location: 2F 1-1: Swinging Strike 1-2: Ground out U3 (Groundball, 3, EV 103.8 MPH) Tak-keung Chieu to third
|
Batting: RHB Bryan Alfaro
|
0-0: Called Strike 0-1: Foul Ball, location: 2F 0-2: Ball 1-2: Ground out 6-3 (Groundball, 6, EV 81.9 MPH)
|
Bottom of the 3rd over - 0 runs, 1 hit, 0 errors, 1 left on base; State College 1 - Williamsport 2 |
TOP OF THE 4TH |
State College Spikes batting - Pitching for Williamsport Crosscutters : RHP Vince DeFord
|
Batting: LHB Keith Rice
|
0-0: Ball 1-0: Ball 2-0: Called Strike 2-1: Foul Ball, location: 2F 2-2: SOLO HOME RUN (Flyball, 89XD, EV 106.9 MPH), Distance : 430 ft
|
Batting: RHB Robby Hickman
|
0-0: Foul Ball, location: 2F 0-1: Swinging Strike 0-2: Ball 1-2: Foul Ball, location: 2F 1-2: Fly out, F2 (Popup, 2RF, EV 91.2 MPH)
|
Batting: SHB Gerardo Macias
|
0-0: Ball 1-0: Ball 2-0: Foul Ball, location: 2F 2-1: Ground out U3 (Groundball, 3, EV 78.8 MPH)
|
Batting: RHB Ben Politi
|
0-0: Ball 1-0: Foul Ball, location: 2F 1-1: Foul Ball, location: 2F 1-2: Ball 2-2: Ball 3-2: Strikes out looking
|
Top of the 4th over - 1 run, 1 hit, 0 errors, 0 left on base; State College 2 - Williamsport 2 |
BOTTOM OF THE 4TH |
Williamsport Crosscutters batting - Pitching for State College Spikes : RHP Mario Machado
|
Batting: RHB Phil Knox
|
0-0: Called Strike 0-1: Foul Ball, location: 2F 0-2: Foul Ball, location: 2F 0-2: Foul Ball, location: 2F 0-2: Strikes out swinging
|
Batting: RHB Leon Edwards
|
0-0: Ball 1-0: Ball 2-0: Called Strike 2-1: Foul Ball, location: 2F 2-2: Ball 3-2: Foul Ball, location: 2F 3-2: Foul Ball, location: 2F 3-2: Base on Balls
|
Batting: RHB Jeremy Mercer
|
0-0: Called Strike 0-1: Called Strike 0-2: Strikes out swinging
|
Batting: RHB Marcus Carter
|
0-0: Called Strike 0-1: Ball 1-1: Called Strike 1-2: Strikes out swinging
|
Bottom of the 4th over - 0 runs, 0 hits, 0 errors, 1 left on base; State College 2 - Williamsport 2 |
TOP OF THE 5TH |
State College Spikes batting - Pitching for Williamsport Crosscutters : RHP Vince DeFord
|
Batting: RHB Sean Tanner
|
0-0: Foul Ball, location: 2F 0-1: Called Strike 0-2: Ball 1-2: SINGLE (Line Drive, 7S, EV 108.1 MPH)
|
Batting: RHB Bernard Claude
|
0-0: Ball Sean Tanner is caught stealing 2nd base 2-4 1-0: Foul Ball, location: 2F 1-1: Foul Ball, location: 2F 1-2: Strikes out looking
|
Batting: RHB Mario Mendoza
|
0-0: Foul Ball, location: 2F 0-1: Ball 1-1: Swinging Strike 1-2: Ball 2-2: Foul Ball, location: 2F 2-2: Ball 3-2: Foul Ball, location: 2F 3-2: Strikes out swinging
|
Top of the 5th over - 0 runs, 1 hit, 0 errors, 0 left on base; State College 2 - Williamsport 2 |
BOTTOM OF THE 5TH |
Williamsport Crosscutters batting - Pitching for State College Spikes : RHP Mario Machado
|
Batting: LHB Brent Dutcher
|
0-0: Called Strike 0-1: Fly out, F4 (Line Drive, 4M, EV 66.2 MPH)
|
Batting: RHB Robby Adair
|
0-0: SINGLE (Groundball, 34D, EV 105.6 MPH) (infield hit)
|
Batting: RHB Tak-keung Chieu
|
0-0: Called Strike 0-1: Ball 1-1: Foul Ball, location: 2F 1-2: Grounds into double play, 6-4-3 (Groundball, 6, EV 81.2 MPH)
|
Bottom of the 5th over - 0 runs, 1 hit, 0 errors, 0 left on base; State College 2 - Williamsport 2 |
TOP OF THE 6TH |
State College Spikes batting - Pitching for Williamsport Crosscutters : RHP Vince DeFord
|
Batting: RHB Tim Jobe
|
0-0: Called Strike 0-1: Swinging Strike 0-2: SINGLE (Groundball, 4D, EV 102.5 MPH)
|
Pitching: LHP Cody Bodenhamer
|
|
Batting: LHB Travis Ruppel
|
0-0: Ball 1-0: Hit by Pitch Tim Jobe to second
|
Batting: LHB Keith Rice
|
0-0: Fly out, F7 (Flyball, 7, EV 88.8 MPH)
|
Batting: RHB Robby Hickman
|
0-0: Ball 1-0: Ball 2-0: Ball 3-0: Called Strike 3-1: Swinging Strike 3-2: Fly out, F8 (Flyball, 8RM, EV 85.6 MPH)
|
Pinch Hitting: RHB Jose Jimenez
|
0-0: Ball 1-0: Ball 2-0: Called Strike 2-1: Swinging Strike 2-2: Strikes out swinging
|
Top of the 6th over - 0 runs, 1 hit, 0 errors, 2 left on base; State College 2 - Williamsport 2 |
BOTTOM OF THE 6TH |
Williamsport Crosscutters batting - Pitching for State College Spikes : RHP Mario Machado
|
Now in LF: Ben Politi
|
|
Now in RF: Jose Jimenez
|
|
Batting: LHB Matt Calitri
|
0-0: Ball 1-0: Ball 2-0: Foul Ball, location: 2F 2-1: Foul Ball, location: 2F 2-2: Ball 3-2: SOLO HOME RUN (Line Drive, 9D, EV 106.2 MPH), Distance : 410 ft
|
Pitching: RHP Nick Durham
|
|
Batting: RHB Bryan Alfaro
|
0-0: Called Strike 0-1: Ball 1-1: Ball 2-1: Ball 3-1: Called Strike 3-2: SINGLE (Line Drive, 78M, EV 103.8 MPH)
|
Batting: RHB Phil Knox
|
0-0: Called Strike Bryan Alfaro steals 2nd base 0-1: Ground out 3-1 (Groundball, 34S, EV 90.0 MPH) Bryan Alfaro to third
|
Batting: RHB Leon Edwards
|
0-0: Ball 1-0: Called Strike 1-1: Called Strike 1-2: DOUBLE (Flyball, 3D, EV 98.8 MPH) Bryan Alfaro scores
|
Batting: RHB Jeremy Mercer
|
0-0: Ball 1-0: Ball 2-0: Ball 3-0: Called Strike 3-1: Base on Balls
|
Batting: RHB Marcus Carter
|
0-0: Ball 1-0: Ball 2-0: Ball 3-0: Called Strike 3-1: Called Strike 3-2: Base on Balls Leon Edwards to third Jeremy Mercer to second
|
Pitching: RHP Jeremy Bonita
|
|
Batting: LHB Brent Dutcher
|
0-0: Called Strike 0-1: Swinging Strike 0-2: Strikes out swinging
|
Batting: RHB Robby Adair
|
0-0: Called Strike 0-1: Foul Ball, location: 2F 0-2: Ball 1-2: Fielders Choice at 2nd, U4 (Groundball, 4M, EV 86.9 MPH)
|
Bottom of the 6th over - 2 runs, 3 hits, 0 errors, 3 left on base; State College 2 - Williamsport 4 |
TOP OF THE 7TH |
State College Spikes batting - Pitching for Williamsport Crosscutters : LHP Cody Bodenhamer
|
Batting: RHB Ben Politi
|
0-0: Ball 1-0: Called Strike 1-1: Ball 2-1: Ball 3-1: Foul Ball, location: 2F 3-2: Strikes out looking
|
Batting: RHB Sean Tanner
|
0-0: Ball 1-0: Swinging Strike 1-1: Called Strike 1-2: Strikes out swinging
|
Batting: RHB Bernard Claude
|
0-0: Ball 1-0: Called Strike 1-1: Ball 2-1: DOUBLE (Line Drive, 89D, EV 109.4 MPH)
|
Batting: RHB Mario Mendoza
|
0-0: Called Strike 0-1: Foul Ball, location: 2F 0-2: Strikes out swinging
|
Top of the 7th over - 0 runs, 1 hit, 0 errors, 1 left on base; State College 2 - Williamsport 4 |
BOTTOM OF THE 7TH |
Williamsport Crosscutters batting - Pitching for State College Spikes : RHP Jeremy Bonita
|
Batting: RHB Tak-keung Chieu
|
0-0: SINGLE (Line Drive, 4M, EV 99.4 MPH)
|
Batting: LHB Matt Calitri
|
0-0: Ball 1-0: Fly out, F9 (Flyball, 9S, EV 95.6 MPH)
|
Batting: RHB Bryan Alfaro
|
0-0: Ball 1-0: Foul Ball, location: 2F 1-1: Foul Ball, location: 2F 1-2: Ball 2-2: Fielders Choice at 2nd, 1-6 (Groundball, 13S, EV 63.1 MPH)
|
Batting: RHB Phil Knox
|
0-0: Ball 1-0: Ball 2-0: Ground out 5-3 (Groundball, 56S, EV 86.9 MPH)
|
Bottom of the 7th over - 0 runs, 1 hit, 0 errors, 1 left on base; State College 2 - Williamsport 4 |
TOP OF THE 8TH |
State College Spikes batting - Pitching for Williamsport Crosscutters : LHP Cody Bodenhamer
|
Batting: RHB Tim Jobe
|
0-0: Ball 1-0: Foul Ball, location: 2F 1-1: Fly out, F9 (Line Drive, 9, EV 85.6 MPH)
|
Batting: RHB Tom Tate
|
0-0: Called Strike 0-1: Foul Ball, location: 2F 0-2: Foul Ball, location: 2F 0-2: Ball 1-2: Foul Ball, location: 2F 1-2: Strikes out swinging
|
Batting: LHB Keith Rice
|
0-0: Ball 1-0: Ball 2-0: Called Strike 2-1: Swinging Strike 2-2: Strikes out swinging
|
Top of the 8th over - 0 runs, 0 hits, 0 errors, 0 left on base; State College 2 - Williamsport 4 |
BOTTOM OF THE 8TH |
Williamsport Crosscutters batting - Pitching for State College Spikes : RHP Jeremy Bonita
|
Pitching: RHP Pabiyan Vetlitsky
|
|
Batting: RHB Leon Edwards
|
0-0: Foul Ball, location: 2F 0-1: Swinging Strike 0-2: Ball 1-2: Ball 2-2: Ground out 5-3 (Groundball, 56, EV 87.5 MPH)
|
Batting: RHB Jeremy Mercer
|
0-0: Called Strike 0-1: SOLO HOME RUN (Flyball, 7D, EV 96.9 MPH), Distance : 367 ft
|
Batting: RHB Marcus Carter
|
0-0: Called Strike 0-1: SINGLE (Groundball, 56D, EV 109.4 MPH)
|
Batting: LHB Brent Dutcher
|
0-0: Ball 1-0: SINGLE (Line Drive, 6MD, EV 101.9 MPH) Marcus Carter to second
|
Batting: RHB Robby Adair
|
0-0: Ball 1-0: Foul Ball, location: 2F 1-1: Ball 2-1: Called Strike 2-2: Strikes out swinging
|
Batting: RHB Tak-keung Chieu
|
0-0: Fly out, F9 (Flyball, 9S, EV 87.5 MPH)
|
Bottom of the 8th over - 1 run, 3 hits, 0 errors, 2 left on base; State College 2 - Williamsport 5 |
TOP OF THE 9TH |
State College Spikes batting - Pitching for Williamsport Crosscutters : LHP Cody Bodenhamer
|
Pitching: RHP Isaiah Felton
|
|
Batting: RHB Robby Hickman
|
0-0: Ball 1-0: Foul Ball, location: 2F 1-1: Ball 2-1: Ball 3-1: Base on Balls
|
Batting: RHB Jose Jimenez
|
0-0: Ball 1-0: Called Strike 1-1: Called Strike 1-2: Foul Ball, location: 2F 1-2: Ball 2-2: Foul Ball, location: 2F 2-2: Ball 3-2: Strikes out swinging
|
Batting: RHB Ben Politi
|
0-0: Ball Passed Ball! Robby Hickman to second 1-0: Fly out, F9 (Flyball, 9S, EV 75.0 MPH)
|
Batting: RHB Sean Tanner
|
0-0: Ground out 4-3 (Groundball, 4, EV 105.6 MPH)
|
Top of the 9th over - 0 runs, 0 hits, 0 errors, 1 left on base; State College 2 - Williamsport 5 |
|